 Dungeon Crawl Stone Soup version bcrawl-1.39.2 (webtiles) character file.

Game seed: 952647784549357779

6742318 zoran the Human Catapult (level 27, -9/235 HPs)
             Began as a Human Transmuter on Oct 14, 2023.
             Was the Champion of the Shining One.
             Killed by divine providence
             ... invoked by a daeva
             ... summoned by the player character
              (11 damage)
             ... on level 5 of the Realm of Zot.
             The game lasted 04:14:11 (75966 turns).

zoran the Human Catapult (Human Transmuter)        Turns: 75966, Time: 04:14:12

Health: -9/235     AC: 41    Str: 15    XL:     27
Magic:  35/37      EV:  8    Int: 15    God:    the Shining One [******]
Gold:   2019       SH: 17    Dex: 28    Spells: 31/46 levels left

rFire    + + .     GDR:     49% q - +8 fustibalus (freeze)
rCold    + + +     SeeInvis .   u - +0 medium shield of Fequdol {rF+ rC+ Str+5 Dex+4}
rNeg     + + +     Gourm    .   h - +5 gold dragon scales
rPois    +         Faith    .   X - +2 hat {MR+}
rElec    +         Spirit   .   B - +2 cloak "Kakhlyzuu" {*Drain +Blink rElec MR+++ Str-2}
rCorr    .         Reflect  +   n - +1 pair of gauntlets of War {Slay+6}
MR       +++++                  v - +1 pair of boots {run}
Stlth    ..........             P - +2 amulet of reflection
HPRegen  0.49/turn              G - ring "Wukh" {*Drain +Fly rN+++ Dex+4 Slay+2}
MPRegen  0.25/turn              Y - ring of protection from cold

@: about to teleport, glowing, studying Throwing, quick
A: horns 1, deterioration 1, dopey 2, screaming 1, no potion heal 1
}: 3/15 runes: barnacled, abyssal, gossamer
a: Divine Shield, Cleansing Flame, Summon Divine Warrior, Renounce Religion,
Evoke Blink, Evoke Flight


You were on level 5 of the Realm of Zot.
You worshipped the Shining One.
The Shining One was exalted by your worship.
You were not hungry.

You visited 11 branches of the dungeon, and saw 43 of its levels.
You visited the Abyss 1 time.
You visited 1 bazaar.
You also visited: Trove, Sewer, Ice Cave and Wizlab.

You collected 6128 gold pieces.
You spent 4109 gold pieces at shops.

Inventory:

Hand Weapons
 a - a +9 fustibalus of holy wrath
 q - a +8 fustibalus of freezing (weapon)
Missiles
 H - 10 throwing nets {=f}
 T - 32442 sling bullets (quivered)
Armour
 h - +5 gold dragon scales (worn)
 n - the +1 pair of gauntlets of War (worn) {Slay+6}
   (You found it in a treasure trove)

   It affects your accuracy and damage with ranged weapons and melee attacks
   (+6).
 u - the +0 medium shield of Fequdol (worn) {rF+ rC+ Str+5 Dex+4}
   (You found it in a treasure trove)

   It affects your strength (+5).
   It affects your dexterity (+4).
   It protects you from fire.
   It protects you from cold.
 v - a +1 pair of boots of running (worn)
 y - the +1 hat of Existentialism {rF+++ Dex+4 Slay-2 Stlth-}
   (You found it in a treasure trove)

   It affects your dexterity (+4).
   It affects your accuracy and damage with ranged weapons and melee attacks
   (-2).
   It renders you almost immune to fire.
   It makes you less stealthy.
 B - the +2 cloak "Kakhlyzuu" (worn) {*Drain +Blink rElec MR+++ Str-2}
   (You bought it in a shop in a bazaar)

   It affects your strength (-2).
   It insulates you from electricity.
   It affects your resistance to hostile enchantments.
   It lets you blink.
   It causes draining when unequipped.
 X - a +2 hat of magic resistance (worn)
Jewellery
 G - the ring "Wukh" (left hand) {*Drain +Fly rN+++ Dex+4 Slay+2}
   (You found it on level 12 of the Dungeon)

   [ring of flight]

   It affects your dexterity (+4).
   It affects your accuracy and damage with ranged weapons and melee attacks
   (+2).
   It renders you almost immune to negative energy.
   It lets you fly.
   It causes draining when unequipped.
 P - a +2 amulet of reflection (around neck)
 Y - a ring of protection from cold (right hand)
Wands
 c - a wand of acid (5)
 f - a wand of digging (3)
 A - a wand of iceblast (4)
 I - a wand of flame (77)
 M - a wand of paralysis (14)
 Q - a wand of charming (12)
 Z - a wand of scattershot (1)
Scrolls
 g - 3 scrolls of silence
 j - 11 scrolls of teleportation
 m - 25 scrolls of remove curse
 s - 4 scrolls of fear
 z - 6 scrolls of fog
 J - 4 scrolls of blinking
 U - 3 scrolls of vulnerability
Potions
 l - 7 potions of lignification
 o - 4 potions of curing
 p - 7 potions of magic
 x - a potion of resistance
 D - 9 potions of might
 E - 4 potions of cancellation
 N - 7 potions of ambrosia
 O - 2 potions of berserk rage
 V - 4 potions of flight
 W - 10 potions of mutation
Miscellaneous
 d - 4 boxes of beasts
 C - a fan of gales (inert)
 F - a phial of floods (inert)
 K - a lamp of fire
 S - a sack of spiders (inert)
Comestibles
 e - 43 rations {!d}


   Skills:
 + Level 23.0 Fighting
 O Level 27 Slings
 - Level 23.0 Armour
 - Level 10.0 Dodging
 - Level 5.0 Stealth
 - Level 15.0 Shields
 - Level 5.0 Unarmed Combat
 - Level 10.0 Spellcasting
 - Level 5.0 Transmutations
 - Level 10.0 Ice Magic
 - Level 5.0 Poison Magic
 - Level 15.0 Invocations
 - Level 15.0 Evocations


You had 31 spell levels left.
You knew the following spells:

 Your Spells              Type           Power        Failure   Level  Hunger
d - Ice Form              Ice/Tmut       ####....     100%        4    #......
s - Spider Form           Tmut/Pois      ###          99%         3    None
u - Blade Hands           Tmut           ###.......   100%        5    ####...
y - Sticks to Snakes      Tmut           ###.....     96%         2    None
z - Beastly Appendage     Tmut           ###...       89%         1    None

Your spell library contained the following spells:

 Spells                   Type           Power        Failure   Level  Hunger
 Freeze                   Ice            #####.       26%         1    None
 Throw Frost              Conj/Ice       ###...       71%         2    None
 Ozocubu's Armour         Chrm/Ice       ###.....     99%         3    None
 Apportation              Tloc           #.....       100%        1    None
 Corona                   Hex            #......      100%        1    None
 Flame Tongue             Conj/Fire      #....        100%        1    None
 Infusion                 Chrm           #.......     100%        1    None
 Magic Dart               Conj           #...         100%        1    None
 Necrotize                Necr           #.....       100%        1    None
 Sandblast                Erth           #.....       100%        1    None
 Slow                     Hex            #.......     100%        1    None
 Static Discharge         Air            #.....       100%        1    None
 Summon Butterflies       Summ           #.......     100%        1    None
 Summon Small Mammal      Summ           #...         100%        1    None
 Flaming Arrows           Chrm/Fire      #.......     100%        2    None
 Passwall                 Tmut/Erth      ###.....     100%        2    None
 Searing Ray              Conj           #.......     100%        2    None
 Shock                    Conj/Air       #......      100%        2    None
 Song of Slaying          Chrm           #.......     100%        2    None
 Swiftness                Chrm/Air       #.......     100%        2    None
 Conjure Flame            Conj/Fire      #.......     100%        3    None
 Inner Flame              Hex/Fire       N/A          100%        3    None
 Iskenderun's Mystic Bla  Conj           #.......     100%        3    None
 Recall                   Summ/Tloc      N/A          100%        3    None
 Regeneration             Chrm/Necr      #.........   100%        3    None
 Spectral Weapon          Hex/Chrm       #.......     100%        3    None
 Vampiric Draining        Necr           #.........   100%        3    None
 Agony                    Necr           #.......     100%        4    #......
 Animate Dead             Necr           N/A          100%        4    #......
 Fulminant Prism          Conj/Hex       #.........   100%        4    #......
 Lightning Bolt           Conj/Air       #.......     100%        4    #......
 Sticky Flame             Conj/Fire      #.......     100%        4    #......
 Summon Ice Beast         Ice/Summ       ###.....     100%        4    #......
 Throw Icicle             Conj/Ice       ###.....     100%        4    #......
 Bolt of Magma            Conj/Fire/Erth #.........   100%        5    ####...
 Dispel Undead            Necr           #.......     100%        5    ####...
 Fireball                 Conj/Fire      #.........   100%        5    ####...
 Freezing Cloud           Ice/Air        ###.....     100%        5    ####...
 Irradiate                Conj/Tmut      ###.......   100%        5    ####...
 Metabolic Englaciation   Hex/Ice        ###.......   100%        5    ####...
 Summon Demon             Summ           #.........   100%        5    ####...
 Summon Forest            Summ/Tloc      #.........   100%        5    ####...
 Summon Lightning Spire   Summ/Air       #.......     100%        5    ####...
 Summon Mana Viper        Hex/Summ       #.......     100%        5    ####...
 Aura of Abjuration       Summ           #.........   100%        6    #####..
 Bolt of Cold             Conj/Ice       ###.......   100%        6    #####..
 Borgnjor's Vile Clutch   Necr/Erth      #.........   100%        6    #####..
 Conjure Ball Lightning   Conj/Air       #.........   100%        6    #####..
 Death Channel            Chrm/Necr      #.........   100%        6    #####..
 Infestation              Hex/Tmut/Pois  ###......    100%        6    #####..
 Ozocubu's Refrigeration  Ice            #####.....   100%        6    #####..
 Simulacrum               Ice/Necr       ###.....     100%        6    #####..
 Statue Form              Tmut/Erth      ###......    100%        6    #####..
 Discord                  Hex            #.........   100%        7    ######.
 Haunt                    Necr/Summ      #.........   100%        7    ######.
 Mana Rupture             Conj/Hex       #.........   100%        7    ######.
 Shadow Creatures         Summ           N/A          100%        7    ######.
 Borgnjor's Revivificati  Necr           #.........   100%        8    #######
 Chain Lightning          Conj/Air       #.........   100%        8    #######
 Death's Door             Chrm/Necr      #.........   100%        8    #######
 Necromutation            Tmut/Necr      ###.....     100%        8    #######


Dungeon Overview and Level Annotations

Branches:
Dungeon (12/12)            Temple (1/1) D:5            Lair (6/6) D:8
 Shoals (3/3) Lair:2       Spider (3/3) Lair:4        Slime (0/5) Orc
    Orc (1/1) D:10         Vaults (2/3) D:11         Forest (3/3) Lair:6
  Crypt (2/2) Vaults:2       Tomb (0/3) Crypt:2      Depths (5/5) D:12
    Zot (5/5) Depths:5

Altars:
Ashenzari
Cheibriados
Dithmenos
Elyvilon
Fedhas
Gozag
Hepliaklqana
Kikubaaqudgha
Makhleb
Nemelex Xobeh
Okawaru
Sif Muna
Trog
Uskayaw
Vehumet
Xom
Yredelemnul
Zin
The Shining One
Jiyva

Shops:
D:8 !   D:11 *   Orc [%}*%   Vaults:1 [

Portals:
Hell: Depths:1 Depths:2 Depths:3 Depths:4 Depths:5
Abyss: Depths:3 Depths:4
Pandemonium: Orc Depths:3 Depths:4
Ziggurat: Depths:4

Annotations:
Orc 1 runed door
Vaults:2 3 runed translucent doors, Lexodia's ghost, adept AvFE
Crypt:1 9 runed doors
Depths:3 !juggernatu
Zot:1 2 transporters


Innate Abilities, Weirdness & Mutations

You have a pair of small horns on your head.
Your body sometimes deteriorates upon taking damage.
You are very dopey. (Int -4)
You occasionally shout uncontrollably at your foes.
Potions are less effective at restoring your health.


Message History

Okay, then.
Okay, then.
Evoke which item? (* to show all) (? for menu, Esc to quit)
Okay, then.
Cast which spell? (? or * to list)
Okay, then.
You blink.
You feel slightly more hungry.
The orb of fire emits a lurid red light.
The fireball explodes!
The fireball engulfs your elder weirdox beast!!
The fireball engulfs your wolf spider!!!
Your wolf spider dies!
Your wolf spider's corpse disappears in a puff of smoke!
Your mature batsting beast hits the orb of fire!
Your mature batsting beast barely misses the orb of fire.
Your elder weirdox beast hits the orb of fire but does no damage.
Your elder weirdox beast tramples the orb of fire but does no damage.
The daeva calls down the wrath of the Shining One upon you.
The Shining One smites you!
You die...

^....###)..###########...###..X..
....A.###..A....H.......##*,.....
......# ##H....s*......## *,.....
......# #.....H.......# *,^....
....^.# ##.§.§.......## *,.D...
.....^# #.*H.....[..# *,.....
......# ##...........## *,.....
....^## #...).).......# **,,,,,
....## ##.....)@......## **,,,,
...## #...............# **,,,
####▓ ▓########.########▓▓ **##
<..≈# #≈≈.# #.##.......######.
...≈####≈≈.# #.................
...≈≈≈≈≈≈≈.# ####.......#####..
...≈≈≈≈≈≈≈.# #.......# ##...
...........# #.......###...#
#####'###### ###'##..#....#.


You could see 2 orbs of fire, a daeva, 2 harpies, 2 friendly mutant beasts and a
friendly wolf spider.

Vanquished Creatures
  5 orbs of fire
  2 ancient liches
  4 golden dragons
  The ghost of polpettosauro the Evocator, a veteran MiBe of Trog (Depths:4)
  6 Killer Klowns
  Arachne (Spider:2)
  4 curse toes
  A rockslime (Zot:1)
  A profane servitor (Abyss:4)
  4 bone dragons
  2 electric golems
  15 tentacled monstrosities
  8 Orb Guardians
  4 liches
  6 wendigos
  An Orb Demon (Zot:2)
  Rupert (Lair:4)
  Jorgrun (Shoals:1)
  Asterion (Spider:2)
  Frances (Spider:1)
  12 quicksilver dragons
  2 titans (Depths:4)
  10 tentacled starspawn
  3 thorn hunters
  9 death cobs
  7 ancient champions
  An Executioner (WizLab)
  5 tengu reavers
  A greenwood witch (Forest:3)
  3 sphinxes
  Kirke (Shoals:1)
  A revenant (Crypt:1)
  8 storm dragons
  8 shadow dragons
  A cacodemon (Depths:3)
  2 apis
  3 draconian knights
  3 fire giants
  A deep elf sorcerer (Abyss:4)
  A balrug (Depths:2)
  A draconian monk (Zot:5)
  3 curse skulls (Crypt:1)
  7 frost giants
  9 ghost moths
  4 vault wardens
  8 emperor scorpions
  2 draconian shifters (Zot:3)
  13 jiangshi
  5 draconian scorchers
  4 elemental wellsprings
  29 very ugly things
  3 draconian annihilators
  18 spriggan defenders
  7 stone giants
  2 eyes of devastation
  A caustic shrike skeleton (Depths:2)
  A juggernaut skeleton (Depths:2)
  A reaper (Depths:4)
  2 draconian stormcallers
  5 green draconians
  8 vampire knights
  3 ironheart preservers
  10 black draconians
  A deep elf annihilator (Depths:2)
  6 red draconians
  8 spark wasps
  18 dire elephants
  2 pale draconians (Depths:5)
  10 yellow draconians
  11 white draconians
  3 entropy weavers
  8 purple draconians
  2 eidola
  Azrael (D:12)
  2 blizzard demons
  8 ettins
  2 green deaths
  2 merfolk javelineers
  A deep elf death mage (Crypt:1)
  7 merfolk impalers
  6 yaktaur captains
  6 fire dragons
  A deep elf high priest (Depths:2)
  6 rakshasas
  Erolcha (D:10)
  7 vault guards
  Fannar (D:10)
  5 ice dragons
  7 hydras
  13 spriggan air magi
  6 ogre magi
  Erica (Orc)
  2 death knights
  4 great orbs of eyes
  A shadow wraith (Crypt:2)
  3 merfolk avatars (Shoals:3)
  An alligator (Lair:6)
  8 satyrs
  30 death yaks
  2 merfolk aquamancers
  4 shambling mangroves
  16 two-headed ogres
  An alligator snapping turtle (Shoals:3)
  A spectral dire elephant (Lair:6)
  5 anacondas
  A deep troll shaman (Depths:2)
  4 sea snakes
  5 vampire magi
  7 hell hogs
  2 titan zombies
  4 deep troll earth magi
  28 spriggan berserkers
  11 thrashing horrors
  7 orc high priests (Orc)
  A soul eater (WizLab)
  An ironheart beastmaster (Vaults:2)
  3 sun demons
  11 deep trolls
  2 titan skeletons (Depths:2)
  9 hell knights
  A spectral death yak (Lair:6)
  6 wretched stars
  11 skeletal warriors
  5 sixfirhies
  3 spatial maelstroms (Abyss:1)
  A fire crab (shapeshifter) (Abyss:4)
  A swamp dragon (Shoals:2)
  16 slime creatures
  A spectral anaconda (Lair:6)
  12 centaur warriors
  An unseen horror (D:12)
  A golden dragon zombie (Depths:3)
  2 storm dragon skeletons
  3 gelid demonspawn
  A glowing orange brain (Depths:3)
  A quicksilver dragon simulacrum (Crypt:1)
  An orange crystal statue (Spider:1)
  7 spriggan druids
  An obsidian statue (Lair:6)
  2 spark wasp zombies
  31 starcursed masses
  An anaconda skeleton (Abyss:1)
  6 flayed ghosts
  A wizard (Depths:1)
  A lindwurm (Lair:2)
  30 large abominations
  5 orc knights
  A golden dragon skeleton (Depths:2)
  A wolf spider zombie (D:11)
  12 necromancers
  A sphinx zombie (Depths:2)
  An orb spider (shapeshifter) (D:10)
  5 ironheart convokers
  Pikel (D:4)
  21 wolf spiders
  4 phantasmal warriors
  10 harpies
  2 deep elf archers (Depths:2)
  21 ugly things
  6 oklob plants
  7 cyclopes
  A mana viper (shapeshifter) (Vaults:2)
  4 deep elf magi
  4 orb spiders (Spider:3)
  14 fauns
  2 tengu skeletons
  An apocalypse crab (Abyss:1)
  An iron dragon zombie (Depths:3)
  A salamander (Depths:4)
  A stone giant zombie (Depths:2)
  A manticore (shapeshifter) (Depths:3)
  12 manticores
  10 elephants
  4 orc sorcerers (Orc)
  A fire giant skeleton (Crypt:1)
  2 sphinx skeletons
  3 frost giant skeletons
  28 moths of wrath
  2 worldbinders
  A spriggan zombie (Depths:2)
  6 vault sentinels (Vaults:1)
  23 will-o'-wisps
  A sea snake zombie (Crypt:1)
  A torpor snail (Spider:2)
  2 ice statues
  7 black mambas
  A stone giant skeleton (Depths:2)
  6 water nymphs
  3 merfolk sirens
  An orange demon (Abyss:4)
  A shock serpent zombie (Crypt:2)
  3 naga magi (D:12)
  5 smoke demons
  A spriggan skeleton (Depths:3)
  12 cane toads
  3 gargoyles
  21 jumping spiders
  24 yaktaurs
  16 demonic crawlers
  6 komodo dragons
  2 eyes of draining
  18 flying skulls
  A purple draconian skeleton (Crypt:2)
  3 dryads
  13 freezing wraiths
  5 anaconda simulacra (IceCv)
  An eye of draining (shapeshifter) (Depths:3)
  2 tengu conjurers
  5 hellwings
  10 ice devils
  18 merfolk
  A minotaur skeleton (Crypt:1)
  3 red devils
  7 trolls
  7 ancient zymes
  A hydra zombie (Abyss:1)
  A wandering mushroom (Lair:6)
  A queen bee (Abyss:4)
  Grinder (D:5)
  A shadow dragon simulacrum (Crypt:2)
  A polar bear (Shoals:2)
  A meliai (shapeshifter) (D:12)
  54 hornets
  5 meliai (Abyss:4)
  3 meliai zombies (D:12)
  4 snapping turtles
  2 harpy skeletons (D:12)
  23 raiju
  3 spectral elephants (Lair:6)
  13 hippogriffs
  4 blink frogs (Lair:5)
  2 ettin zombies
  A fire dragon skeleton (Abyss:1)
  6 dream sheep
  An ice dragon skeleton (Depths:1)
  15 tarantellas
  A shock serpent simulacrum (Crypt:1)
  A fire giant simulacrum (Crypt:1)
  A satyr skeleton (Crypt:1)
  40 spriggans
  8 ynoxinuls
  3 shadows
  5 wraiths
  A spriggan (shapeshifter) (Abyss:4)
  A hog (Shoals:1)
  An ettin skeleton (Depths:2)
  59 water elementals
  34 yaks
  4 vampires
  2 dire elephant simulacra (IceCv)
  2 wyverns
  7 fire elementals
  A golden eye (Abyss:4)
  2 basilisks
  A hungry ghost (D:8)
  4 chaos spawn
  3 steam dragons (Depths:5)
  12 neqoxecs
  6 vampire mosquitoes
  7 spatial vortices
  59 redbacks
  An infernal demonspawn zombie (Crypt:2)
  An iron troll simulacrum (IceCv)
  2 harpy simulacra (IceCv)
  2 death yak simulacra
  3 wargs
  9 crocodiles
  9 water moccasins
  3 acid dragons (Depths:5)
  3 hydra simulacra (IceCv)
  A water moccasin (shapeshifter) (D:12)
  8 porcupines
  4 hell hounds
  A faun skeleton (Crypt:2)
  An ice beast (D:5)
  A black bear (shapeshifter) (Abyss:1)
  22 ogres
  3 phantoms
  3 black bears (D:8)
  A sky beast (D:7)
  2 slaves (D:4)
  2 ettin simulacra
  An ice dragon simulacrum (Depths:1)
  20 orc warriors
  A tengu (shapeshifter) (Depths:1)
  An elephant zombie (Lair:6)
  A manticore skeleton (Crypt:1)
  10 wolves
  A boggart (Depths:3)
  An elephant skeleton (Lair:6)
  A swamp dragon skeleton (Crypt:1)
  2 kobold brigands
  14 bullfrogs
  20 small abominations
  6 centaurs
  An earth elemental (Abyss:4)
  A gnoll sergeant (D:8)
  A cane toad simulacrum (Lair:6)
  A yaktaur skeleton (Crypt:2)
  A cyclops zombie (Crypt:2)
  A wyvern skeleton (D:8)
  A raiju zombie (Crypt:1)
  12 killer bees
  3 water moccasin skeletons
  2 scorpions
  A yak zombie (Crypt:1)
  A snapping turtle simulacrum (Crypt:1)
  16 wights
  A warg skeleton (Crypt:1)
  A polar bear skeleton (Crypt:1)
  15 orc priests
  3 electric eels
  A howler monkey (D:8)
  10 crimson imps
  A bullfrog zombie (D:5)
  4 draconian simulacra (IceCv)
  2 quasits
  A demonspawn zombie (Crypt:1)
  7 hounds
  A bullfrog skeleton (D:9)
  12 orc wizards
  An iron imp (Depths:4)
  Ijyb (D:4)
  4 worker ants
  12 iguanas
  5 troll simulacra (IceCv)
  2 spriggan simulacra
  A porcupine skeleton (D:10)
  2 wolf simulacra (IceCv)
  2 tengu zombies
  A felid zombie (Crypt:2)
  A human simulacrum (Crypt:2)
  11 mummies (Crypt:2)
  A worker ant zombie (D:6)
  20 adders
  9 gnolls
  A naga simulacrum (IceCv)
  An ogre simulacrum (IceCv)
  A howler monkey skeleton (D:6)
  4 river rats
  9 shadow imps
  10 white imps
  6 ufetubi
  A centaur simulacrum (IceCv)
  2 oozes
  A halfling zombie (Crypt:1)
  An iguana zombie (Crypt:1)
  2 adder skeletons
  4 worms
  2 dart slugs (D:1)
  6 leopard geckos
  46 orcs
  9 bats
  4 giant cockroaches
  12 goblins
  8 hobgoblins
  4 jackals
  12 kobolds
  4 quokkas
  A river rat zombie (Crypt:2)
  10 ball pythons
  9 frilled lizards
  2 jackal skeletons
  A kobold zombie (Crypt:2)
  An orc zombie (Crypt:1)
  A quokka skeleton (D:6)
  21 rats
  A fire vortex (Depths:2)
  2 lurking horrors
  2 plants
  13 starspawn tentacles
2157 creatures vanquished.

Vanquished Creatures (collateral kills)
  An ancient lich (Zot:5)
  The ghost of Grijm the Eclecticist, a veteran DrIE of Fedhas (Depths:4)
  A golden dragon (Depths:5)
  Bai Suzhen (Depths:2)
  Gastronok (Lair:3)
  The ghost of Humigeoq the Warrior, an adept MiAM of Ru (Depths:4)
  2 bone dragons
  Nikola (Shoals:1)
  2 rockslimes
  A lich (Crypt:1)
  A tentacled monstrosity (Zot:1)
  3 Orb Guardians (Zot:5)
  A titan (Depths:3)
  A quicksilver dragon (Depths:4)
  An Executioner (Abyss:4)
  3 tentacled starspawn
  An ancient champion (Crypt:2)
  Agnes (Lair:4)
  A death cob (Zot:1)
  A draconian monk (Zot:3)
  A tengu reaver (Depths:3)
  3 revenants
  A daeva (Abyss:4)
  A balrug (Abyss:1)
  A caustic shrike zombie (Depths:2)
  A cacodemon (WizLab)
  A deep elf elementalist (Abyss:3)
  A stone giant (Depths:2)
  6 jiangshi
  A spriggan defender (Forest:1)
  A reaper (WizLab)
  2 ironheart preservers (Vaults:1)
  4 very ugly things
  4 vampire knights
  A black draconian (Zot:1)
  A lorocyproca (WizLab)
  3 yellow draconians
  A red draconian (Zot:3)
  4 starcursed masses
  2 purple draconians
  A blizzard demon (WizLab)
  2 green deaths (Abyss:4)
  A yaktaur captain (Depths:3)
  A great orb of eyes (Depths:2)
  2 spriggan air magi
  An ogre mage (Vaults:2)
  A two-headed ogre (Vaults:1)
  A vampire mage (Crypt:2)
  A merfolk aquamancer (Shoals:3)
  A death knight (Abyss:4)
  A deep troll earth mage (Depths:3)
  2 spriggan berserkers
  4 thrashing horrors (Abyss:4)
  An ironheart beastmaster (Vaults:1)
  2 spriggans (Forest:1)
  2 soul eaters (WizLab)
  A sun demon (Abyss:1)
  2 skeletal warriors (Crypt:2)
  A spatial maelstrom (Abyss:4)
  2 wretched stars (Abyss:4)
  2 sixfirhies (Abyss:4)
  2 deep trolls (Depths:3)
  A harpy (Shoals:3)
  2 oklob plants (Lair:4)
  A fire giant zombie (Crypt:2)
  An orc knight (Orc)
  A moth of wrath (Zot:1)
  An ugly thing (Depths:2)
  A shock serpent zombie (Crypt:2)
  A water nymph (Shoals:2)
  4 smoke demons
  A fire giant skeleton (Crypt:2)
  A frost giant skeleton (Depths:2)
  A stone giant skeleton (Depths:2)
  3 hellions
  A torpor snail (Lair:4)
  A spriggan skeleton (Depths:2)
  A freezing wraith (Abyss:4)
  A hellwing (Abyss:3)
  A guardian mummy (Crypt:2)
  2 ancient zymes (Abyss:4)
  A merfolk (Shoals:1)
  4 hornets (Forest:1)
  A blink frog (Abyss:4)
  5 raiju (Abyss:4)
  A snapping turtle (Shoals:2)
  A large abomination (Abyss:4)
  A hippogriff (D:7)
  2 ice dragon skeletons (Crypt:2)
  Sigmund (D:2)
  A tarantella (Spider:2)
  A wraith (D:7)
  2 golden eyes (Abyss:4)
  3 neqoxecs
  2 chaos spawn
  An iron troll simulacrum (IceCv)
  An orc warrior (Orc)
  An ice beast (D:5)
  2 small abominations
  An ogre (Vaults:1)
  A bullfrog (Sewer)
  A spriggan zombie (Crypt:2)
  A snapping turtle simulacrum (Crypt:2)
  An orc wizard (D:3)
  An adder (Sewer)
  A river rat (Sewer)
  An adder zombie (D:6)
  An ooze (D:3)
  A worm (D:2)
  A dart slug (D:3)
  A leopard gecko (D:3)
  2 orcs
  4 ball pythons (Sewer)
  A giant cockroach (D:3)
  8 rats
  2 plants (Lair:4)
  3 starspawn tentacles
189 creatures vanquished.

Vanquished Creatures (others)
  A death cob (Zot:3)
  A frost giant (Depths:3)
  2 stone giants
  An ironheart preserver (Vaults:2)
  A purple draconian (Zot:3)
  A blizzard demon (IceCv)
  A merfolk impaler (Shoals:2)
  A yaktaur captain (Depths:4)
  3 merfolk javelineers
  An ogre mage (Vaults:2)
  A merfolk aquamancer (Shoals:3)
  3 two-headed ogres
  An alligator snapping turtle (Shoals:3)
  A satyr (Forest:1)
  A sea snake (Shoals:3)
  An ironheart beastmaster (Vaults:2)
  2 centaur warriors
  3 hell knights (Depths:1)
  A deep elf archer (Vaults:1)
  A wizard (Vaults:1)
  2 cyclopes
  A faun (Forest:1)
  A manticore (Shoals:3)
  2 moths of wrath (Zot:5)
  5 yaktaurs
  An anaconda simulacrum (IceCv)
  9 merfolk
  A hornet (Forest:2)
  A snapping turtle (Shoals:3)
  A spriggan (Forest:3)
  A spriggan (shapeshifter) (Vaults:2)
  A water elemental (Shoals:3)
  A human (Shoals:1)
  A death yak simulacrum (IceCv)
  3 ogres
  2 killer bees (Abyss:4)
  An orc wizard (D:6)
  A gnoll (D:4)
  2 briar patches (Forest:2)
  17 bushes (Lair:6)
  3 fungi
  A lurking horror (Abyss:1)
  82 plants
  30 starspawn tentacles
  62 withered plants
260 creatures vanquished.

Grand Total: 2606 creatures vanquished

Notes
Turn   | Place    | Note
-------+----------+-------------------------------------------
     0 | D:1      | zoran the Human Transmuter began the quest for the Orb.
     0 | D:1      | Reached XP level 1. HP: 15/15 MP: 3/3
   133 | D:1      | Reached XP level 2. HP: 20/21 MP: 3/5
   139 | D:1      | Reached skill level 1 in Stealth
   368 | D:1      | Reached XP level 3. HP: 18/26 MP: 4/6
   935 | D:1      | Learned a level 2 spell: Sticks to Snakes
  1042 | D:2      | Reached XP level 4. HP: 32/32 MP: 5/7
  1308 | D:2      | Noticed Sigmund
  1328 | D:2      | Killed Sigmund
  1329 | D:2      | Reached XP level 5. HP: 31/38 MP: 1/9
  1329 | D:2      | Reached XP level 6. HP: 36/44 MP: 1/10
  1334 | D:2      | Learned a level 3 spell: Spider Form
  1695 | D:3      | Noticed a water moccasin
  1709 | D:3      | Killed a water moccasin
  1710 | D:3      | Reached skill level 5 in Transmutations
  1852 | D:3      | Found a glowing drain.
  1908 | D:3      | Reached XP level 7. HP: 30/50 MP: 6/11
  1910 | D:3      | Reached skill level 1 in Poison Magic
  1989 | Sewer    | Entered a sewer
  2909 | D:3      | Found an iron altar of Okawaru.
  2975 | D:3      | Became a worshipper of Warmaster Okawaru
  3036 | D:3      | Found a shimmering blue altar of Sif Muna.
  3399 | D:3      | Reached XP level 8. HP: 58/58 MP: 10/12
  3631 | D:4      | Reached skill level 5 in Unarmed Combat
  4090 | D:4      | Noticed Ijyb
  4093 | D:4      | Killed Ijyb
  4229 | D:4      | Noticed Pikel
  4262 | D:4      | Killed Pikel
  4262 | D:4      | Reached * piety under Okawaru
  4263 | D:4      | Reached skill level 5 in Dodging
  4279 | D:4      | Reached XP level 9. HP: 45/67 MP: 10/16
  4343 | D:4      | Reached skill level 5 in Fighting
  4507 | D:4      | Reached skill level 5 in Spellcasting
  4593 | D:4      | Reached skill level 1 in Invocations
  4593 | D:4      | Reached skill level 1 in Evocations
  4954 | D:5      | Entered Level 5 of the Dungeon
  4954 | D:5      | Found a staircase to the Ecumenical Temple.
  4955 | D:5      | Noticed Grinder
  4963 | D:5      | Paralysed by Grinder for 3 turns
  4972 | D:5      | Paralysed by Grinder for 3 turns
  4982 | D:5      | Killed Grinder
  5318 | D:5      | Reached ** piety under Okawaru
  5663 | D:5      | Found a burning altar of Makhleb.
  5663 | D:5      | Noticed a green death
  5860 | D:6      | Noticed a troll
  5872 | D:6      | Killed a troll
  5873 | D:6      | Reached skill level 5 in Invocations
  5873 | D:6      | Reached skill level 5 in Evocations
  6423 | D:6      | Reached XP level 10. HP: 77/77 MP: 17/17
  6435 | D:6      | Reached *** piety under Okawaru
  7633 | D:7      | Reached **** piety under Okawaru
  7823 | D:7      | Found a shadowy altar of Dithmenos.
  7826 | D:7      | Found a radiant altar of Vehumet.
  7857 | D:7      | Learned a level 4 spell: Ice Form
  8044 | D:8      | Reached skill level 1 in Ice Magic
  8529 | D:8      | Reached skill level 5 in Poison Magic
  8610 | D:8      | Found a bloodstained altar of Trog.
  8620 | D:8      | Reached XP level 11. HP: 63/86 MP: 18/18
  8633 | D:8      | Reached ***** piety under Okawaru
  8721 | D:8      | Noticed a death yak
  8722 | D:8      | Noticed a death yak
  8722 | D:8      | Noticed a death yak
  8860 | D:8      | Learned a level 5 spell: Blade Hands
  8890 | D:8      | Killed a death yak
  8891 | D:8      | Reached skill level 5 in Ice Magic
  8893 | D:8      | Killed a death yak
  8899 | D:8      | Killed a death yak
  9041 | D:8      | Found a staircase to the Lair.
  9289 | D:8      | Found Hoat's Distillery.
  9390 | D:8      | Received a gift from Okawaru
  9675 | D:8      | Bought a potion of might for 52 gold pieces
  9675 | D:8      | Bought a potion of agility for 52 gold pieces
  9675 | D:8      | Bought a potion of ambrosia for 52 gold pieces
  9675 | D:8      | Bought a potion of haste for 130 gold pieces
  9675 | D:8      | Bought a potion of lignification for 39 gold pieces
 10520 | Lair:1   | Entered Level 1 of the Lair of Beasts
 10659 | Lair:1   | Reached skill level 1 in Slings
 10960 | Lair:1   | Reached skill level 2 in Slings
 11495 | Lair:2   | Reached skill level 3 in Slings
 11501 | Lair:2   | Received a gift from Okawaru
 11860 | Lair:2   | Found a glowing silver altar of Zin.
 11952 | Lair:2   | Reached skill level 4 in Slings
 12000 | Lair:2   | Received a gift from Okawaru
 12001 | Lair:2   | Reached XP level 12. HP: 92/92 MP: 23/25
 12099 | Lair:2   | Reached skill level 5 in Slings
 12554 | Lair:2   | Reached skill level 6 in Slings
 12713 | Lair:2   | Found a staircase to the Shoals.
 12842 | Lair:2   | Reached skill level 7 in Slings
 13415 | Lair:3   | Reached skill level 8 in Slings
 13463 | Lair:3   | Found a gate leading to a gauntlet.
 13586 | Lair:3   | Noticed a six-headed hydra
 13586 | Lair:3   | Noticed a four-headed hydra
 13813 | Lair:3   | Killed a six-headed hydra
 13814 | Lair:3   | Reached skill level 9 in Slings
 13859 | Lair:3   | Killed a four-headed hydra
 13859 | Lair:3   | Received a gift from Okawaru
 13878 | Lair:3   | Noticed Gastronok
 13885 | Lair:3   | Killed Gastronok
 13885 | Lair:3   | Reached ****** piety under Okawaru
 13885 | Lair:3   | Received a gift from Okawaru
 13886 | Lair:3   | Reached skill level 11 in Slings
 13886 | Lair:3   | Reached XP level 13. HP: 83/98 MP: 22/26
 14023 | Lair:3   | Noticed a seven-headed hydra
 14104 | Lair:3   | Killed a seven-headed hydra
 14105 | Lair:3   | Reached skill level 12 in Slings
 14617 | Lair:4   | Noticed a four-headed hydra
 15118 | Lair:4   | Reached skill level 13 in Slings
 15169 | Lair:4   | Found a hole to the Spider Nest.
 15181 | Lair:4   | Noticed a seven-headed hydra
 15185 | Lair:4   | Killed a seven-headed hydra
 15305 | Lair:4   | Found a white marble altar of Elyvilon.
 15367 | Lair:4   | Killed a four-headed hydra
 15368 | Lair:4   | Reached skill level 14 in Slings
 15450 | Lair:4   | Received a gift from Okawaru
 15459 | Lair:4   | Identified a +1 pair of boots of running (Okawaru gifted it
                  | to you on level 4 of the Lair of Beasts)
 15818 | D:9      | Reached skill level 1 in Armour
 15852 | D:9      | Noticed an ogre mage
 15860 | D:9      | Killed an ogre mage
 15951 | D:9      | Identified a scroll of acquirement {pickup}
 15951 | D:9      | Identified the +10 hunting sling of Overwhelming Force
                  | {freeze, MP+9 Int+3} (You acquired it on level 9 of the
                  | Dungeon)
 16005 | D:9      | Found a hazy altar of Hepliaklqana.
 16257 | D:10     | Entered Level 10 of the Dungeon
 16678 | D:10     | Noticed Erolcha
 16695 | D:10     | Killed Erolcha
 16696 | D:10     | Reached XP level 14. HP: 87/106 MP: 27/27
 16745 | D:10     | Noticed Fannar
 16767 | D:10     | Killed Fannar
 16927 | D:10     | Found a staircase to the Orcish Mines.
 16983 | D:10     | Received a gift from Okawaru
 17345 | Orc      | Entered the Orcish Mines
 17444 | Orc      | Found a runed door.
 17445 | Orc      | Noticed an acid blob
 17446 | Orc      | Found a viscous altar of Jiyva.
 17447 | Orc      | Found a staircase to the Slime Pits.
 17603 | Orc      | Found Xud Yvvoe's Food Boutique.
 17897 | Orc      | Noticed Erica
 17906 | Orc      | Killed Erica
 18136 | Orc      | Found Tytyom's Food Emporium.
 18172 | Orc      | Found Kepraqux's General Store.
 18318 | Orc      | Reached skill level 5 in Armour
 18406 | Orc      | Reached skill level 10 in Spellcasting
 18501 | Orc      | Received a gift from Okawaru
 18550 | Orc      | Received a gift from Okawaru
 18609 | Orc      | Received a gift from Okawaru
 18610 | Orc      | Reached skill level 15 in Slings
 18617 | Orc      | Reached skill level 10 in Dodging
 18665 | Orc      | Found Bosuol's Gadget Shop.
 18665 | Orc      | Found Usil's Antique Armour Boutique.
 18666 | Orc      | Found a one-way gate leading to the halls of Pandemonium.
 18895 | D:11     | Reached skill level 10 in Fighting
 19112 | D:11     | Reached XP level 15. HP: 85/115 MP: 29/29
 19712 | D:11     | Found a gate to the Vaults.
 19816 | D:11     | Found Har Sod's Assorted Antiques.
 19828 | D:11     | Bought a scroll of identify for 46 gold pieces
 19828 | D:11     | Bought a scroll labeled TOLIEH TEU for 23 gold pieces
 19828 | D:11     | Bought a fuming golden potion for 20 gold pieces
 20198 | D:12     | Entered Level 12 of the Dungeon
 20207 | D:12     | Reached skill level 16 in Slings
 20616 | D:12     | Found a runed door.
 20719 | D:12     | Received a gift from Okawaru
 20982 | D:12     | Received a gift from Okawaru
 20985 | D:12     | Got a jewelled plate armour {god gift}
 20996 | D:12     | Identified the +6 plate armour "Hekukul" {rC++} (Okawaru
                  | gifted it to you on level 12 of the Dungeon)
 21213 | D:12     | Noticed Azrael
 21219 | D:12     | Killed Azrael
 21435 | D:12     | Found a staircase to the Depths.
 22112 | D:10     | Got a flickering ivory amulet
 22114 | D:10     | Identified the amulet of Lecs {Inacc rN+ Dex+3 Stlth-} (You
                  | found it on level 10 of the Dungeon)
 22424 | Lair:4   | Reached skill level 5 in Stealth
 23769 | Lair:6   | Entered Level 6 of the Lair of Beasts
 24084 | Lair:6   | Found a staircase to the Spriggan Forest.
 24214 | Lair:6   | Reached XP level 16. HP: 113/122 MP: 30/30
 25010 | Lair:6   | Received a gift from Okawaru
 25123 | Lair:6   | Received a gift from Okawaru
 25395 | Lair:6   | Received a gift from Okawaru
 25737 | Lair:6   | Received a gift from Okawaru
 25829 | Lair:6   | Received a gift from Okawaru
 25875 | Lair:6   | Reached skill level 10 in Evocations
 25878 | Lair:6   | Reached skill level 10 in Invocations
 26316 | Shoals:1 | Entered Level 1 of the Shoals
 26350 | Shoals:1 | Noticed Jorgrun
 26365 | Shoals:1 | Noticed Kirke
 26389 | Shoals:1 | Killed Kirke
 26389 | Shoals:1 | Received a gift from Okawaru
 26529 | Spider:1 | Entered Level 1 of the Spider Nest
 26556 | Spider:1 | Noticed Frances
 26676 | Spider:1 | Received a gift from Okawaru
 26677 | Spider:1 | Reached skill level 10 in Armour
 27110 | Shoals:1 | Killed Jorgrun
 27417 | Shoals:1 | Noticed Nikola
 27493 | Shoals:1 | Killed Nikola
 27549 | Shoals:1 | Reached XP level 17. HP: 123/128 MP: 31/31
 27583 | Shoals:1 | Received a gift from Okawaru
 27838 | Shoals:2 | Found a frozen archway.
 27958 | IceCv    | Entered an ice cave
 27979 | IceCv    | Reached skill level 10 in Ice Magic
 28924 | IceCv    | Identified Lases's Handbook of Cloudy Fire
 28945 | IceCv    | Got a shimmering lapis lazuli ring
 28947 | IceCv    | Identified the ring "Iphuru" {Ice rElec rN+ Dex-5} (You
                  | found it in an ice cave)
 28951 | IceCv    | Got a crude hat
 28962 | IceCv    | Identified the +2 hat of a sewer {+Fly rPois rF- rN+} (You
                  | found it in an ice cave)
 29013 | Shoals:2 | Received a gift from Okawaru
 29929 | Shoals:2 | Received a gift from Okawaru
 30115 | Shoals:3 | Entered Level 3 of the Shoals
 30415 | Shoals:3 | Received a gift from Okawaru
 30690 | Shoals:3 | Received a gift from Okawaru
 30978 | Shoals:3 | Reached XP level 18. HP: 78/145 MP: 30/32
 31002 | Shoals:3 | Received a gift from Okawaru
 31311 | Shoals:3 | Received a gift from Okawaru
 31372 | Shoals:3 | Got a barnacled rune of Zot
 31439 | Shoals:3 | Identified the Volume of the Many Lives
 31837 | Spider:1 | Noticed Agnes
 31854 | Lair:4   | Killed Agnes
 31911 | Spider:1 | Reached skill level 15 in Fighting
 32027 | Spider:1 | Noticed Rupert
 32161 | Lair:4   | Killed Rupert
 32407 | Spider:1 | Killed Frances
 33484 | Spider:2 | Reached skill level 17 in Slings
 33810 | Spider:2 | Identified the +9 hunting sling of Oweipleano {flame, MR+
                  | Str+4 Int+5} (Okawaru gifted it to you on level 2 of the
                  | Spider Nest)
 33810 | Spider:2 | Received a gift from Okawaru
 34075 | Spider:2 | Noticed Asterion
 34092 | Spider:2 | Killed Asterion
 34186 | Spider:2 | Noticed Arachne
 34487 | Spider:2 | Killed Arachne
 34772 | Spider:3 | Entered Level 3 of the Spider Nest
 35094 | Vaults:1 | Entered Level 1 of the Vaults
 35094 | Vaults:1 | Found Gekhlo's Antique Armour Boutique.
 35101 | Vaults:1 | Bought a runed buckler for 330 gold pieces
 35140 | Vaults:1 | Identified the +1 chain mail of Blue Skies {rPois}
 35380 | Vaults:1 | Reached skill level 1 in Shields
 35412 | Vaults:1 | Reached skill level 18 in Slings
 35414 | Vaults:1 | Reached XP level 19. HP: 142/155 MP: 33/33
 35624 | Vaults:1 | Received a gift from Okawaru
 35909 | Vaults:1 | Reached skill level 5 in Shields
 35934 | Vaults:1 | Received a gift from Okawaru
 36126 | Vaults:1 | Identified the +8 hunting sling "Aryub" {freeze, +Blink
                  | Int+5} (Okawaru gifted it to you on level 1 of the Vaults)
 36126 | Vaults:1 | Received a gift from Okawaru
 37042 | Vaults:1 | Received a gift from Okawaru
 37073 | Vaults:1 | Reached skill level 10 in Shields
 37560 | Vaults:2 | Received a gift from Okawaru
 37694 | Vaults:2 | Found a flickering gateway to a bazaar.
 37707 | Bazaar   | Entered a bazaar
 37707 | Bazaar   | Found Iwubbio's Weapon Boutique.
 37707 | Bazaar   | Found Tonosupe's Assorted Antiques.
 37707 | Bazaar   | Found Oseobin's Armour Shop.
 37707 | Bazaar   | Found Foceolae's Antique Weapon Shoppe.
 37737 | Bazaar   | Found Xischu Xio's Weapon Shop.
 37772 | Bazaar   | Bought a glowing coppery potion for 17 gold pieces
 37772 | Bazaar   | Bought a scroll of teleportation for 57 gold pieces
 37772 | Bazaar   | Bought a potion of haste for 190 gold pieces
 37772 | Bazaar   | Bought a distressingly furry cloak for 180 gold pieces
 37772 | Bazaar   | Identified the +2 cloak "Kakhlyzuu" {*Drain +Blink rElec
                  | MR+++ Str-2} (You bought it in a shop in a bazaar)
 37772 | Bazaar   | Bought a lamp of fire for 760 gold pieces
 37790 | Bazaar   | Bought a metal-bound book for 285 gold pieces
 38145 | Vaults:2 | Found a staircase to the Crypt.
 38193 | Vaults:2 | Received a gift from Okawaru
 38194 | Vaults:2 | Reached skill level 19 in Slings
 38301 | Vaults:2 | Reached XP level 20. HP: 151/162 MP: 34/34
 38481 | Vaults:2 | Found a portal to a secret trove of treasure.
 39229 | Vaults:2 | Noticed Lexodia's ghost (adept AvFE)
 39235 | Vaults:2 | Found a runed translucent gate.
 39235 | Vaults:2 | Found a runed translucent gate.
 39235 | Vaults:2 | Found a runed translucent gate.
 39682 | D:12     | Identified the +2 dagger of Conscience {holy, MR+ Stlth+}
 39685 | D:12     | Identified the ring "Wukh" {*Drain +Fly rN+++ Dex+4 Slay+2}
 39889 | Crypt:1  | Entered Level 1 of the Crypt
 40517 | Crypt:1  | Found a huge runed gate.
 40518 | Crypt:1  | Found a huge runed gate.
 40518 | Crypt:1  | Found a huge runed gate.
 40518 | Crypt:1  | Found a huge runed gate.
 40519 | Crypt:1  | Found a huge runed gate.
 40519 | Crypt:1  | Found a huge runed gate.
 40537 | Crypt:1  | Found a huge runed gate.
 40537 | Crypt:1  | Found a huge runed gate.
 40539 | Crypt:1  | Found a huge runed gate.
 40815 | Temple   | Entered the Ecumenical Temple
 40924 | Temple   | Fell from the grace of Okawaru
 40924 | Temple   | Became a worshipper of the Shining One
 41167 | Crypt:1  | Reached skill level 20 in Slings
 41667 | Crypt:1  | Reached * piety under the Shining One
 41984 | Crypt:1  | Reached ** piety under the Shining One
 42306 | Crypt:1  | Noticed a lich
 42693 | Crypt:1  | Noticed an ancient lich
 43319 | Spider:3 | Reached *** piety under the Shining One
 43734 | Spider:3 | Reached XP level 21. HP: 124/168 MP: 11/35
 44776 | Spider:3 | Got a gossamer rune of Zot
 45528 | Crypt:1  | Killed an ancient lich
 45529 | Crypt:1  | Reached skill level 21 in Slings
 45713 | Crypt:2  | Entered Level 2 of the Crypt
 45912 | Crypt:2  | Reached **** piety under the Shining One
 45991 | Crypt:2  | Received a gift from the Shining One
 46360 | Crypt:2  | Received a gift from the Shining One
 46417 | Crypt:2  | Reached skill level 15 in Evocations
 46444 | Crypt:2  | Received a gift from the Shining One
 46494 | Crypt:2  | Reached ***** piety under the Shining One
 46652 | Crypt:2  | Received a gift from the Shining One
 46667 | Crypt:2  | Found a staircase to the Tomb.
 46924 | Crypt:2  | Noticed a curse toe
 46940 | Crypt:2  | Killed a curse toe
 46941 | Crypt:2  | Reached XP level 22. HP: 175/175 MP: 36/36
 46944 | Crypt:2  | Received a gift from the Shining One
 46959 | Crypt:2  | Found a basalt altar of Yredelemnul.
 46967 | Crypt:2  | Noticed a bone dragon
 46986 | Crypt:2  | Killed a bone dragon
 47010 | Crypt:2  | Found an ancient bone altar of Kikubaaqudgha.
 47052 | Crypt:2  | Identified the +10 plate armour "Siomn" {rN+ Regen+ Str+3
                  | Int+2}
 47080 | Crypt:2  | Found the +5 robe of Misfortune {Harm *Corrode *Slow EV+5}
 47090 | Crypt:2  | Identified Kikubaaqudgha's Catalogue of Black Arts
 47353 | Depths:1 | Entered Level 1 of the Depths
 47613 | Depths:1 | Received a gift from the Shining One
 47747 | Depths:1 | Reached skill level 15 in Invocations
 47892 | Depths:1 | Identified the +0 quarterstaff "Kinic" {speed, +Fly rN+
                  | Stlth+}
 47999 | Depths:1 | Found a gateway to Hell.
 48615 | Depths:1 | Reached ****** piety under the Shining One
 48893 | Depths:2 | Received a gift from the Shining One
 49565 | Depths:1 | Identified a +8 fustibalus of holy wrath (a +6 fustibalus
                  | of flaming blessed by the Shining One)
 49565 | Depths:1 | Received a gift from the Shining One
 49833 | Depths:2 | Noticed a rockslime
 49987 | Depths:2 | Killed a rockslime
 50268 | Depths:2 | Reached XP level 23. HP: 186/186 MP: 37/37
 50422 | Depths:2 | Received a gift from the Shining One
 50617 | Depths:2 | Received a gift from the Shining One
 50931 | Depths:2 | Found a shattered altar of Ashenzari.
 51222 | Depths:3 | Received a gift from the Shining One
 51620 | Depths:3 | Noticed Bai Suzhen
 52062 | Depths:3 | Identified the +8 battleaxe of Friendship {pain, rC+ Str+3
                  | Dex+2}
 52089 | Depths:2 | Killed Bai Suzhen
 52724 | Depths:3 | Found a one-way gate to the infinite horrors of the Abyss.
 53037 | Depths:3 | Noticed a Killer Klown
 53040 | Depths:3 | Received a gift from the Shining One
 53067 | Depths:3 | Killed a Killer Klown
 53116 | Depths:4 | Found a gateway to a ziggurat.
 53279 | Depths:4 | Reached XP level 24. HP: 134/202 MP: 37/37
 53280 | Depths:4 | Noticed a Killer Klown
 53286 | Depths:4 | Noticed a Killer Klown
 54149 | Depths:3 | Killed a Killer Klown
 54444 | Depths:3 | Killed a Killer Klown
 54548 | Depths:4 | Received a gift from the Shining One
 54731 | Depths:4 | Found a runed translucent gate.
 54731 | Depths:4 | Found a runed translucent gate.
 54732 | Depths:4 | Found a runed translucent gate.
 54735 | Depths:4 | Noticed polpettosauro's ghost (veteran MiBe)
 54735 | Depths:4 | Noticed Humigeoq's ghost (adept MiAM)
 54735 | Depths:4 | Noticed Grijm's ghost (veteran DrIE)
 54816 | Depths:4 | Received a gift from the Shining One
 55320 | Depths:4 | Noticed a juggernaut
 55320 | Depths:4 | Received a gift from the Shining One
 56123 | Depths:4 | Reached skill level 15 in Armour
 56280 | Depths:4 | Killed polpettosauro's ghost
 56280 | Depths:4 | Killed Grijm's ghost
 56289 | Depths:4 | Killed Humigeoq's ghost
 56414 | Depths:5 | Entered Level 5 of the Depths
 56419 | Depths:5 | Noticed a golden dragon
 56584 | Depths:5 | Found a magical portal.
 56593 | WizLab   | Entered Doroklohe's Tomb
 56635 | WizLab   | Received a gift from the Shining One
 56681 | WizLab   | Reached XP level 25. HP: 149/208 MP: 37/37
 56794 | WizLab   | Received a gift from the Shining One
 57154 | Depths:5 | Noticed a golden dragon
 57199 | Depths:4 | Killed a golden dragon
 57471 | Depths:5 | Received a gift from the Shining One
 58065 | Depths:5 | Killed a golden dragon
 58160 | Depths:5 | Found the +8 Wrath of Trog {antimagic, *Rage}
 58441 | Depths:5 | Found a gate to the Realm of Zot.
 59113 | Vaults:2 | You paid a toll of +4 steam dragon scales to enter a
                  | treasure trove
 59114 | Trove    | Entered a treasure trove
 59117 | Trove    | Found the +3 warlock's mirror {reflect}
 59117 | Trove    | Found the +1 pair of gauntlets of War {Slay+6}
 59133 | Trove    | Identified the +0 medium shield of Fequdol {rF+ rC+ Str+5
                  | Dex+4}
 59135 | Trove    | Identified the +3 cloak of Cloud Cover {Dex+5}
 59140 | Trove    | Identified the +1 hat of Existentialism {rF+++ Dex+4 Slay-2
                  | Stlth-}
 59736 | Orc      | Bought a scroll of enchant armour for 112 gold pieces
 59799 | Orc      | Bought a wand of paralysis (9) for 170 gold pieces
 59799 | Orc      | Bought a box of beasts for 340 gold pieces
 59799 | Orc      | Bought a box of beasts for 340 gold pieces
 59799 | Orc      | Bought a wand of acid (5) for 204 gold pieces
 59799 | Orc      | Bought a box of beasts for 340 gold pieces
 59799 | Orc      | Bought a wand of scattershot (4) for 255 gold pieces
 59929 | D:11     | Bought a wand of charming (10) for 115 gold pieces
 60153 | Depths:4 | Voluntarily entered the Abyss.
 60620 | Abyss:1  | Found a stormy altar of Qazlal.
 60849 | Abyss:1  | Received a gift from the Shining One
 60937 | Abyss:1  | Received a gift from the Shining One
 60944 | Abyss:1  | Found an ornate altar of the Wu Jian Council.
 61059 | Abyss:2  | Found a corrupted altar of Lugonu.
 61066 | Abyss:2  | Found a corrupted altar of Lugonu.
 61403 | Abyss:3  | Reached XP level 26. HP: 218/218 MP: 37/37
 61448 | Abyss:3  | Received a gift from the Shining One
 61541 | Abyss:4  | Received a gift from the Shining One
 61619 | Abyss:4  | Received a gift from the Shining One
 61708 | Abyss:4  | Got an abyssal rune of Zot
 61785 | Abyss:4  | Identified the +3 large shield of Hedging {rF+ Regen+}
 61874 | Abyss:4  | Received a gift from the Shining One
 61899 | Abyss:4  | Received a gift from the Shining One
 62106 | Abyss:4  | Received a gift from the Shining One
 62230 | Abyss:4  | Received a gift from the Shining One
 62303 | Abyss:4  | Reached skill level 15 in Shields
 62305 | Abyss:4  | Received a gift from the Shining One
 62422 | Abyss:5  | Entered Level 5 of the Abyss
 62422 | Abyss:5  | Entered Level 5 of the Abyss
 62437 | Abyss:5  | Found a corrupted altar of Lugonu.
 62517 | Depths:4 | Escaped the Abyss
 62623 | Zot:1    | Entered Level 1 of the Realm of Zot
 62631 | Zot:1    | Reached XP level 27. HP: 220/224 MP: 37/37
 62834 | Zot:1    | Noticed a golden dragon
 62836 | Zot:1    | Noticed a golden dragon
 62842 | Zot:1    | Noticed a golden dragon
 62842 | Zot:1    | Received a gift from the Shining One
 62849 | Zot:1    | Found a transporter.
 62916 | Zot:1    | Noticed a golden dragon
 62944 | Zot:1    | Killed a golden dragon
 63112 | Zot:1    | Identified the ring of Qesom {*Slow +Blink rPois Int+4}
 63173 | Zot:1    | Found a transporter.
 64919 | Zot:3    | Received a gift from the Shining One
 65149 | Zot:3    | Noticed a Killer Klown
 65149 | Zot:3    | Noticed an orb of fire
 65184 | Zot:3    | Noticed a golden dragon
 65200 | Zot:2    | Killed a golden dragon
 65201 | Zot:2    | Reached skill level 22 in Slings
 65340 | Zot:3    | Received a gift from the Shining One
 65353 | Zot:3    | Was placed under penance by the Shining One
 65375 | Zot:2    | Killed a Killer Klown
 65831 | Forest:1 | Entered Level 1 of the Spriggan Forest
 66032 | Forest:1 | Identified the +0 ring mail "Woumauqe" {rPois}
 66754 | Forest:1 | Identified the ring "Dixo Borgh" {Ice Str-5 Int+7}
 67961 | Forest:2 | Was forgiven by the Shining One
 69064 | Forest:3 | Entered Level 3 of the Spriggan Forest
 69435 | Forest:3 | Found a bloodstained altar of Trog.
 69441 | Forest:3 | Reached skill level 23 in Slings
 69577 | Forest:3 | Received a gift from the Shining One
 70312 | Forest:3 | Received a gift from the Shining One
 72203 | Zot:3    | Gained mutation: You occasionally shout uncontrollably at
                  | your foes. [an orb of fire]
 72718 | Zot:3    | Noticed a golden dragon
 72729 | Zot:3    | Killed a golden dragon
 73028 | Zot:3    | Reached skill level 24 in Slings
 73194 | Zot:3    | Killed an orb of fire
 73746 | Zot:4    | Received a gift from the Shining One
 74187 | Zot:4    | Reached skill level 25 in Slings
 74694 | Zot:5    | Entered Level 5 of the Realm of Zot
 74846 | Zot:5    | Received a gift from the Shining One
 75348 | Zot:5    | Noticed an ancient lich
 75364 | Zot:5    | Killed an ancient lich
 75374 | Zot:5    | Noticed an ancient lich
 75383 | Zot:5    | Killed an ancient lich
 75422 | Zot:5    | Reached skill level 26 in Slings
 75560 | Zot:5    | Noticed a Killer Klown
 75574 | Zot:5    | Killed a Killer Klown
 75585 | Zot:5    | Noticed an orb of fire
 75585 | Zot:5    | Noticed a Killer Klown
 75604 | Zot:5    | Killed a Killer Klown
 75622 | Zot:5    | Noticed an orb of fire
 75689 | Zot:5    | Gained mutation: You have a beak for a mouth. [an orb of
                  | fire]
 75695 | Zot:5    | Killed an orb of fire
 75697 | Zot:5    | Gained mutation: Potions are less effective at restoring
                  | your health. [an orb of fire]
 75707 | Zot:5    | Killed an orb of fire
 75888 | Zot:5    | Lost mutation: Potions are less effective at restoring your
                  | health. [potion of mutation]
 75888 | Zot:5    | Lost mutation: You occasionally shout uncontrollably at
                  | your foes. [potion of mutation]
 75888 | Zot:5    | Lost mutation: You have a beak for a mouth. [potion of
                  | mutation]
 75888 | Zot:5    | Gained mutation: You have a pair of small horns on your
                  | head. [potion of mutation]
 75888 | Zot:5    | Gained mutation: You are dopey. (Int -2) [potion of
                  | mutation]
 75888 | Zot:5    | Gained mutation: You are robust. (+10% HP) [potion of
                  | mutation]
 75916 | Zot:5    | Noticed an orb of fire
 75922 | Zot:5    | Noticed an orb of fire
 75925 | Zot:5    | Gained mutation: Potions are less effective at restoring
                  | your health. [an orb of fire]
 75931 | Zot:5    | Killed an orb of fire
 75932 | Zot:5    | Gained mutation: You are clumsy. (Dex -2) [an orb of fire]
 75934 | Zot:5    | Noticed an orb of fire
 75934 | Zot:5    | Received a gift from the Shining One
 75937 | Zot:5    | Noticed an orb of fire
 75937 | Zot:5    | Gained mutation: You are very dopey. (Int -4) [an orb of
                  | fire]
 75943 | Zot:5    | Noticed a Killer Klown
 75944 | Zot:5    | Gained mutation: You occasionally shout uncontrollably at
                  | your foes. [an orb of fire]
 75947 | Zot:5    | Lost mutation: You are clumsy. (Dex -2) [an orb of fire]
 75951 | Zot:5    | Killed an orb of fire
 75952 | Zot:5    | Reached skill level 27 in Slings
 75956 | Zot:5    | Gained mutation: Your body sometimes deteriorates upon
                  | taking damage. [an orb of fire]
 75964 | Zot:5    | Lost mutation: You are robust. (+10% HP) [an orb of fire]
 75965 | Zot:5    | HP: 2/235 [daeva/divine providence[the player character]
                  | (12)]
 75966 | Zot:5    | Killed from afar by a daeva

Skill      XL: |  1  2  3  4  5  6  7  8  9 10 11 12 13 14 15 16 17 18 19 20 21 22 23 24 25 26 27 |
---------------+----------------------------------------------------------------------------------+-----
Stealth        | 1 2 5 |  5.0
Fighting       | 2 3 4 6 8 10 13 15 17 20 23 | 23.0
Dodging        | 3 4 5 8 10 | 10.0
Unarmed Combat | 4 5 |  5.0
Spellcasting   | 3 4 5 9 10 | 10.0
Transmutations | 4 5 |  5.0
Poison Magic   | 2 3 5 |  5.0
Invocations    | 5 8 10 13 15 | 15.0
Evocations     | 5 8 10 13 15 | 15.0
Ice Magic      | 3 5 8 10 | 10.0
Slings         | 4 11 14 15 16 18 19 20 21 27 | 27.0
Armour         | 3 5 7 10 16 19 20 23 | 23.0
Shields        | 2 10 11 15 | 15.0

Action                   |  1- 3 |  4- 6 |  7- 9 | 10-12 | 13-15 | 16-18 | 19-21 | 22-24 | 25-27 || total
-------------------------+-------+-------+-------+-------+-------+-------+-------+-------+-------++-------
Melee: Unarmed           |   103 |    59 |   406 |   488 |   137 |       |       |       |       ||  1193
       Kick              |     8 |     1 |     7 |       |       |       |       |       |       ||    16
       Punch             |     1 |     1 |     2 |     2 |       |       |       |       |       ||     6
       Headbutt          |     2 |     5 |     6 |     1 |       |       |       |       |       ||    14
 Fire: Fustibalus        |       |       |       |   139 |   435 |  1510 |  1484 |  1534 |  2911 ||  8013
       Hunting sling     |       |       |       |       |   681 |   312 |   295 |    11 |       ||  1299
 Cast: Beastly Appendage |    24 |    11 |    23 |     2 |       |       |       |       |       ||    60
       Sticks to Snakes  |       |    13 |    24 |    11 |     5 |       |       |       |       ||    53
       Spider Form       |       |       |    10 |     7 |     4 |       |       |       |       ||    21
       Ice Form          |       |       |       |     2 |     3 |       |       |       |       ||     5
       Blade Hands       |       |       |       |     1 |       |       |       |       |       ||     1
Invok: Heroism           |       |       |       |     9 |    21 |    48 |    15 |       |       ||    93
       Finesse           |       |       |       |     1 |     2 |    12 |     2 |       |       ||    17
       Divine Shield     |       |       |       |       |       |       |     2 |       |     2 ||     4
       Cleansing Flame   |       |       |       |       |       |       |    10 |    10 |    25 ||    45
       Summon Divine War |       |       |       |       |       |       |     1 |     7 |     8 ||    16
       Brand Weapon With |       |       |       |       |       |       |       |     1 |       ||     1
 Abil: End Transformatio |       |       |     1 |     8 |     5 |       |       |       |       ||    14
       Evoke Blink       |       |       |       |       |       |       |     1 |     1 |     2 ||     4
Evoke: Wand              |       |       |     5 |     8 |    23 |    47 |    10 |    22 |    69 ||   184
       Sack of spiders   |       |       |       |     1 |     3 |     5 |     5 |     5 |     6 ||    25
       Phial of floods   |       |       |       |       |       |     4 |     5 |     5 |     7 ||    21
       Fan of gales      |       |       |       |       |       |     1 |     4 |       |     3 ||     8
       Lamp of fire      |       |       |       |       |       |       |     4 |     7 |     6 ||    17
       Phantom mirror    |       |       |       |       |       |       |       |     2 |       ||     2
       Box of beasts     |       |       |       |       |       |       |       |       |    10 ||    10
  Use: Scroll            |       |     3 |     5 |     7 |    10 |    16 |    15 |     9 |    25 ||    90
       Potion            |       |     1 |       |     4 |     1 |     9 |    10 |     3 |    16 ||    44
 Stab: Sleeping          |     3 |     4 |     7 |     8 |       |       |       |       |       ||    22
       Distracted        |       |       |     1 |     1 |       |       |       |       |       ||     2
  Eat: Chunk             |     3 |     4 |    24 |    36 |    39 |    38 |    29 |    35 |    42 ||   250
       Ration            |       |       |     1 |     1 |     3 |     9 |    11 |     6 |    22 ||    53
Armor: Robe              |    18 |     3 |    25 |       |       |       |       |       |       ||    46
       Skin              |       |     3 |    10 |    59 |    19 |       |       |       |       ||    91
       Leather armour    |       |       |     4 |    11 |    49 |    45 |       |       |       ||   109
       Plate armour      |       |       |       |       |    78 |   725 |   552 |   278 |       ||  1633
       Storm dragon scal |       |       |       |       |       |       |       |   127 |    66 ||   193
       Gold dragon scale |       |       |       |       |       |       |       |       |   637 ||   637
Dodge: Dodged            |    55 |    36 |   356 |   394 |   295 |   325 |   137 |   127 |   261 ||  1986
Block: Buckler           |       |       |       |       |    43 |   358 |   386 |   299 |    54 ||  1140
       Other             |       |       |       |       |     3 |       |       |       |       ||     3
       Reflection        |       |       |       |       |     2 |    21 |    13 |    51 |    37 ||   124
       Medium shield     |       |       |       |       |       |       |       |       |   714 ||   714
